 Dungeon Sprint DCSS version 0.17-a0-1450-g7e755d1 (webtiles) character file.

1313 pulse the Cleaver (level 8, 0/75 HPs)
             Began as a Formicid Berserker on June 30, 2015.
             Was a High Priest of Trog.
             Slain by a green ugly thing (1 damage)
             ... in the Dungeon (Sprint IX: "|||||||||||||||||||||||||||||").
             The game lasted 00:01:57 (641 turns).

pulse the Cleaver (Formicid Berserker)               Turns: 641, Time: 00:01:58

Health: 0/75       AC: 11    Str: 24    XL:     8   Next: 89%
Magic:  9/9        EV: 11    Int:  7    God:    Trog [*****.]
Gold:   0          SH:  0    Dex: 13    Spells: 0 memorised, 7 levels left

rFire  . . .     SeeInvis +     m - +1 broad axe (chop)
rCold  . . .     Clarity  .     n - +1 chain mail
rNeg   . . .     SustAt   .     (no shield)
rPois  .         Gourm    .     (helmet unavailable)
rElec  .         Spirit   .     (no cloak)
rCorr  .         Warding  .     (no gloves)
rMut   .         Stasis   +     (no boots)
MR     .....                    (no amulet)
Stlth  ..........               o - +3 ring of dexterity
                                p - +2 ring of evasion

@: lethally poisoned (0 -> -20), very slightly contaminated, invisible, not
resistant to hostile enchantments, extremely unstealthy
A: permanent stasis, dig shafts and tunnels, four strong arms, antennae 3
a: Dig, Burn Spellbooks, Trog's Hand, Brothers in Arms, Renounce Religion


You were in the Dungeon.
You worshipped Trog.
Trog was extremely pleased with you.
You were not hungry.

You visited 1 branch

Inventory:

Hand weapons
 a - a +0 hand axe
 m - a +1 broad axe of chopping (weapon)
Armour
 n - a +1 chain mail (worn)
Jewellery
 o - a +3 ring of dexterity (right hand)
 p - a +2 ring of evasion (left hand)
Magical devices
 l - a wand of draining (2)
Scrolls
 i - 2 scrolls of blinking
 k - 3 scrolls of remove curse
Potions
 f - a potion of haste
 g - 4 potions of magic
 h - a potion of berserk rage
Comestibles
 c - a bread ration


   Skills:
 + Level 11.3 Fighting
 * Level 13.9 Axes
 + Level 6.3 Armour
 - Level 2.1 Dodging
 + Level 2.4 Stealth
 + Level 2.6 Evocations


You had 7 spell levels left.
You didn't know any spells.

Dungeon Overview and Level Annotations

Branches:
Dungeon (1/1)

Altars:
Cheibriados
Dithmenos
Elyvilon
Fedhas
Gozag
Kikubaaqudgha
Makhleb
Nemelex Xobeh
Okawaru
Qazlal
Ru
Sif Muna
Trog
Vehumet
Xom
Yredelemnul
Zin
The Shining One
Beogh
Jiyva
Lugonu


Innate Abilities, Weirdness & Mutations

You are under a permanent stasis effect.
You can dig through walls and to a lower floor.
Your four strong arms can wield two-handed weapons with a shield.
You have a pair of large antennae on your head (SInv).


Message History

You are too injured to fight recklessly!
Drink which item? (? for menu, Esc to quit)
You feel better. The green ugly thing barely misses you.
You hit the green ugly thing but do no damage.
The green ugly thing is moderately wounded.
The green ugly thing kicks you!
* * * LOW HITPOINT WARNING * * *
You are lethally poisoned!
The green ugly thing poisons you!
You slash the green ugly thing!
The green ugly thing is heavily wounded.
* * * LOW HITPOINT WARNING * * *
You feel sick. The green ugly thing kicks you.
* * * LOW HITPOINT WARNING * * *
Unknown command.
You closely miss the green ugly thing.
The green ugly thing is heavily wounded.
* * * LOW HITPOINT WARNING * * *
You feel sick. The green ugly thing kicks you.
You die... {{ {{{{{{{{ ▓▓▓▓▓▓▓▓▓▓▓▓▓▓▓▓▓▓▓▓▓▓▓▓ '.?|)[[..[).....@uKl.... ▓▓▓▓▓▓▓▓▓▓▓▓▓▓▓▓▓▓▓▓▓▓▓▓

You could see a green ugly thing, a wyvern and a big kobold.

Vanquished Creatures
  A tengu warrior (D)
  A yak (D)
  A hippogriff (D)
  An orc warrior (D)
  3 ogres (D)
  An orc wizard (D)
  2 worker ants (D)
  2 bats (D)
  A bat zombie (D)
  A hobgoblin (D)
  A jackal (D)
  A quokka (D)
  2 goblins (D)
  A rat (D)
19 creatures vanquished.

Vanquished Creatures (others)
  A spatial maelstrom (D)
1 creature vanquished.

Grand Total: 20 creatures vanquished

Notes
Turn   | Place    | Note
--------------------------------------------------------------
     0 | D        | pulse the Formicid Berserker began the quest for the Orb.
     0 | D        | Reached XP level 1. HP: 18/18 MP: 1/1
     5 | D        | Banished a spatial maelstrom
    14 | D        | Acquired Trog's second power
    16 | D        | Reached skill level 4 in Fighting
   103 | D        | Noticed an orc wizard
   106 | D        | Reached XP level 2. HP: 23/25 MP: 2/2
   144 | D        | Killed an orc wizard
   144 | D        | Acquired Trog's third power
   144 | D        | Reached skill level 5 in Fighting
   144 | D        | Reached skill level 5 in Axes
   144 | D        | Reached XP level 3. HP: 9/33 MP: 3/3
   329 | D        | Found a glowing silver altar of Zin.
   329 | D        | Found a glowing golden altar of the Shining One.
   329 | D        | Found an ancient bone altar of Kikubaaqudgha.
   329 | D        | Found a basalt altar of Yredelemnul.
   329 | D        | Found a shimmering altar of Xom.
   329 | D        | Found a radiant altar of Vehumet.
   330 | D        | Found an iron altar of Okawaru.
   331 | D        | Found a burning altar of Makhleb.
   332 | D        | Found a deep blue altar of Sif Muna.
   333 | D        | Found a bloodstained altar of Trog.
   334 | D        | Found a sparkling altar of Nemelex Xobeh.
   335 | D        | Found a white marble altar of Elyvilon.
   336 | D        | Found a roughly hewn altar of Beogh.
   337 | D        | Found a viscous altar of Jiyva.
   338 | D        | Found a corrupted altar of Lugonu.
   339 | D        | Found a blossoming altar of Fedhas.
   340 | D        | Found a snail-covered altar of Cheibriados.
   341 | D        | Found a shadowy altar of Dithmenos.
   342 | D        | Found a stormy altar of Qazlal.
   343 | D        | Found an opulent altar of Gozag.
   344 | D        | Found a sacrificial altar of Ru.
   384 | D        | Noticed an ogre
   384 | D        | Noticed a hippogriff
   384 | D        | Noticed an ogre
   384 | D        | Noticed a yak
   384 | D        | Noticed an ogre
   384 | D        | Noticed a worker ant
   387 | D        | Killed an ogre
   387 | D        | Reached skill level 6 in Fighting
   387 | D        | Reached skill level 7 in Axes
   387 | D        | Reached XP level 4. HP: 7/41 MP: 4/4
   387 | D        | Reached XP level 5. HP: 8/47 MP: 5/5
   392 | D        | Killed a hippogriff
   392 | D        | Reached skill level 8 in Fighting
   392 | D        | Reached skill level 9 in Axes
   392 | D        | Reached skill level 1 in Stealth
   392 | D        | Reached XP level 6. HP: 30/57 MP: 6/6
   394 | D        | Killed an ogre
   394 | D        | Reached skill level 10 in Axes
   397 | D        | Killed a yak
   397 | D        | Reached skill level 11 in Axes
   397 | D        | Reached skill level 1 in Evocations
   397 | D        | Reached XP level 7. HP: 11/64 MP: 7/7
   400 | D        | Killed an ogre
   400 | D        | Reached skill level 12 in Axes
   401 | D        | Killed a worker ant
   617 | D        | Noticed an orc warrior
   617 | D        | Noticed a worker ant
   617 | D        | Noticed a tengu warrior
   617 | D        | Noticed a big kobold
   617 | D        | Noticed a green ugly thing
   617 | D        | Noticed a wyvern
   618 | D        | Killed a worker ant
   618 | D        | Reached skill level 10 in Fighting
   621 | D        | Killed an orc warrior
   621 | D        | Reached XP level 8. HP: 70/73 MP: 9/9
   634 | D        | Killed a tengu warrior
   634 | D        | Reached skill level 13 in Axes
   640 | D        | HP: 2/75 [green ugly thing (6)]
   641 | D        | Slain by a green ugly thing

Vault maps used:
D:        linesprint

Action                   |  1- 3 |  4- 6 |  7- 9 || total
-------------------------+-------+-------+-------++-------
Melee: Hand axe          |    54 |       |       ||    54
       Broad axe         |     2 |     8 |    19 ||    29
Evoke: Wand              |     1 |     1 |     3 ||     5
  Use: Potion            |     2 |     1 |     6 ||     9
